[ AOE2 MATCH · #506073506 ]
UnrankedMongols vs Japanese
Player's team · LOSS
Rival team · WIN
[ REPLAY ANALYSIS · EXTRACTED FROM THE RECORDED GAME ]
Feudal
9:16
Castle
—
Imperial
—
| APM avg | 58.5 |
| APM peak | 86 |
| eAPM avg | 20.9 |
| Villagers / military | 57 / 34 |
Focus
⚔️ 22.4% · 🌾 77.6%
Militia ×18 · Skirmisher ×8 · Archer ×6 · Spearman ×2
Feudal
8:31
Castle
—
Imperial
—
| APM avg | 64.1 |
| APM peak | 108 |
| eAPM avg | 24.3 |
| Villagers / military | 60 / 45 |
Focus
⚔️ 28.6% · 🌾 71.4%
Militia ×35 · Skirmisher ×8 · Archer ×1 · Spearman ×1
Match map
Initial resources + every placement click. Lines = walls · curves = elevation contours. ◆ gold · ⬟ stone · ● berries · ✦ relic · ◌ wall gap
Your base· Open — 8t gap
新竹's base· Open — 7t gap
Smoothed initial terrain · ◌ = detected wall gap · hover for details
Inputs per minute
— Riut - - 新竹
Build order — Riut
138 actions detected in the replay
| 0:00 | Queue | Villager (Male) |
| 0:01 | Queue | Villager (Male) |
| 0:01 | Queue | Villager (Male) |
| 0:01 | Queue | Villager (Male) |
| 0:02 | Build | House |
| 0:04 | Build | House |
| 1:27 | Queue | Villager (Male) |
| 1:27 | Queue | Villager (Male) |
| 1:27 | Queue | Villager (Male) |
| 1:52 | Build | Lumber Camp |
| 1:53 | Queue | Villager (Male) |
| 1:53 | Queue | Villager (Male) |
| 1:53 | Queue | Villager (Male) |
| 2:11 | Build | House |
| 2:22 | Queue | Villager (Male) |
| 2:52 | Queue | Villager (Male) |
| 3:13 | Queue | Villager (Male) |
| 3:13 | Queue | Villager (Male) |
| 3:42 | Queue | Villager (Male) |
| 3:42 | Queue | Villager (Male) |
| 3:42 | Queue | Villager (Male) |
| 3:42 | Queue | Villager (Male) |
| 4:01 | Queue | Villager (Male) |
| 4:01 | Queue | Villager (Male) |
| 4:02 | Queue | Villager (Male) |
| 4:13 | Queue | Villager (Male) |
| 4:14 | Queue | Villager (Male) |
| 4:19 | Queue | Villager (Male) |
| 4:20 | Queue | Villager (Male) |
| 4:20 | Queue | Villager (Male) |
| 4:20 | Queue | Villager (Male) |
| 4:20 | Queue | Villager (Male) |
| 4:51 | Queue | Villager (Male) |
| 4:52 | Queue | Villager (Male) |
| 4:52 | Queue | Villager (Male) |
| 5:29 | Queue | Villager (Male) |
| 5:29 | Research | Loom |
| 5:32 | Build | Barracks |
| 5:58 | Build | House |
| 6:28 | Queue | Militia |
| 6:28 | Queue | Militia |
| 6:33 | Build | Mining Camp |
| 6:36 | Research | Feudal Age |
| 7:02 | Build | House |
| 7:35 | Build | House |
| 7:36 | Queue | Militia |
| 8:07 | Queue | Militia |
| 8:28 | Queue | Militia |
| 8:47 | Queue | Militia |
| 9:07 | Queue | Villager (Male) |
| 9:16 | Age | Feudal Age |
| 9:17 | Build | Archery Range |
| 9:19 | Research | Man-at-Arms (upgrade) |
| 9:24 | Queue | Villager (Male) |
| 9:34 | Build | Palisade Wall |
| 9:35 | Build | Palisade Wall |
| 9:49 | Queue | Militia |
| 10:10 | Queue | Skirmisher |
| 10:11 | Build | House |
| 10:12 | Queue | Villager (Male) |
| 10:27 | Queue | Militia |
| 10:30 | Queue | Villager (Male) |
| 10:31 | Queue | Spearman |
| 10:35 | Queue | Skirmisher |
| 10:48 | Build | House |
| 10:58 | Queue | Archer |
| 11:02 | Queue | Militia |
| 11:13 | Queue | Villager (Male) |
| 11:28 | Build | Mill |
| 11:34 | Queue | Militia |
| 11:53 | Queue | Archer |
| 12:17 | Queue | Villager (Male) |
| 12:40 | Queue | Militia |
| 12:49 | Build | Farm |
| 12:53 | Queue | Archer |
| 13:07 | Queue | Villager (Male) |
| 13:17 | Build | House |
| 13:20 | Build | House |
| 13:26 | Build | House |
| 13:32 | Queue | Militia |
| 13:33 | Queue | Skirmisher |
| 13:36 | Build | Farm |
| 13:44 | Queue | Villager (Male) |
| 13:45 | Queue | Villager (Male) |
| 13:45 | Queue | Villager (Male) |
| 14:14 | Queue | Villager (Male) |
| 14:23 | Queue | Villager (Male) |
| 14:23 | Queue | Villager (Male) |
| 14:32 | Build | Farm |
| 14:35 | Build | Farm |
| 14:35 | Build | Farm |
| 14:35 | Build | Farm |
| 14:47 | Queue | Spearman |
| 14:50 | Queue | Militia |
| 14:51 | Queue | Skirmisher |
| 14:58 | Queue | Villager (Male) |
| 15:07 | Build | Watch Tower |
| 15:17 | Queue | Skirmisher |
| 15:20 | Build | Palisade Wall |
| 15:30 | Queue | Villager (Male) |
| 15:31 | Queue | Skirmisher |
| 15:39 | Queue | Militia |
| 15:41 | Build | Farm |
| 15:42 | Build | Farm |
| 15:42 | Build | Farm |
| 15:42 | Build | Farm |
| 15:42 | Build | Farm |
| 15:42 | Build | Farm |
| 15:43 | Build | Farm |
| 16:04 | Queue | Villager (Male) |
| 16:26 | Build | House |
| 16:34 | Queue | Villager (Male) |
| 16:49 | Build | Blacksmith |
| 16:53 | Queue | Militia |
| 17:05 | Queue | Skirmisher |
| 17:06 | Queue | Villager (Male) |
| 17:25 | Queue | Skirmisher |
| 17:27 | Queue | Villager (Male) |
| 17:50 | Queue | Villager (Male) |
| 17:50 | Queue | Militia |
| 18:08 | Build | House |
| 18:09 | Build | Farm |
| 18:11 | Queue | Villager (Male) |
| 18:23 | Build | Farm |
| 18:24 | Build | Farm |
| 18:28 | Research | Scale Mail Armor |
| 18:33 | Queue | Archer |
| 18:49 | Queue | Militia |
| 18:51 | Queue | Archer |
| 18:54 | Queue | Villager (Male) |
| 19:00 | Build | Farm |
| 19:01 | Build | Farm |
| 19:11 | Queue | Villager (Male) |
| 19:36 | Research | Fletching |
| 19:39 | Queue | Archer |
| 19:43 | Queue | Villager (Male) |
| 20:02 | Queue | Militia |
| 20:03 | Queue | Villager (Male) |
Build order — 新竹
144 actions detected in the replay
| 0:00 | Queue | Villager (Male) |
| 0:01 | Queue | Villager (Male) |
| 0:01 | Queue | Villager (Male) |
| 0:01 | Queue | Villager (Male) |
| 0:04 | Build | House |
| 0:06 | Build | House |
| 1:29 | Queue | Villager (Male) |
| 1:29 | Queue | Villager (Male) |
| 1:52 | Queue | Villager (Male) |
| 1:52 | Queue | Villager (Male) |
| 1:59 | Build | Lumber Camp |
| 2:30 | Queue | Villager (Male) |
| 2:30 | Queue | Villager (Male) |
| 2:30 | Queue | Villager (Male) |
| 2:56 | Queue | Villager (Male) |
| 2:56 | Queue | Villager (Male) |
| 3:16 | Queue | Villager (Male) |
| 3:16 | Queue | Villager (Male) |
| 3:26 | Build | House |
| 3:35 | Queue | Villager (Male) |
| 3:36 | Queue | Villager (Male) |
| 4:02 | Queue | Villager (Male) |
| 4:02 | Queue | Villager (Male) |
| 4:03 | Queue | Villager (Male) |
| 4:15 | Queue | Villager (Male) |
| 4:15 | Queue | Villager (Male) |
| 4:15 | Queue | Villager (Male) |
| 4:36 | Queue | Villager (Male) |
| 4:36 | Queue | Villager (Male) |
| 4:36 | Queue | Villager (Male) |
| 5:14 | Queue | Villager (Male) |
| 5:18 | Build | Mining Camp |
| 5:26 | Build | Palisade Wall |
| 5:32 | Build | Palisade Wall |
| 5:41 | Research | Loom |
| 5:41 | Research | Loom |
| 6:21 | Research | Feudal Age |
| 6:21 | Research | Feudal Age |
| 6:29 | Build | House |
| 6:31 | Build | Palisade Wall |
| 7:11 | Queue | Villager (Male) |
| 7:16 | Build | Barracks |
| 7:40 | Build | Mill |
| 7:52 | Queue | Militia |
| 7:53 | Queue | Militia |
| 8:31 | Age | Feudal Age |
| 8:33 | Research | Man-at-Arms (upgrade) |
| 8:34 | Research | Man-at-Arms (upgrade) |
| 8:34 | Research | Man-at-Arms (upgrade) |
| 8:54 | Queue | Militia |
| 8:57 | Queue | Villager (Male) |
| 8:57 | Queue | Villager (Male) |
| 8:57 | Queue | Villager (Male) |
| 9:15 | Build | Archery Range |
| 9:33 | Queue | Militia |
| 9:33 | Queue | Militia |
| 9:37 | Queue | Villager (Male) |
| 9:37 | Queue | Villager (Male) |
| 10:23 | Queue | Spearman |
| 10:24 | Queue | Militia |
| 10:24 | Queue | Militia |
| 10:30 | Queue | Skirmisher |
| 10:37 | Queue | Militia |
| 10:43 | Build | Mining Camp |
| 10:51 | Queue | Skirmisher |
| 10:57 | Queue | Villager (Male) |
| 10:57 | Queue | Villager (Male) |
| 10:57 | Queue | Villager (Male) |
| 10:58 | Queue | Villager (Male) |
| 11:02 | Build | House |
| 11:32 | Queue | Militia |
| 11:32 | Queue | Militia |
| 11:33 | Queue | Militia |
| 11:50 | Queue | Skirmisher |
| 12:09 | Queue | Militia |
| 12:10 | Queue | Militia |
| 12:33 | Queue | Skirmisher |
| 12:37 | Build | Blacksmith |
| 12:47 | Queue | Skirmisher |
| 13:06 | Queue | Militia |
| 13:07 | Queue | Villager (Male) |
| 13:08 | Queue | Villager (Male) |
| 13:08 | Queue | Villager (Male) |
| 13:08 | Queue | Villager (Male) |
| 13:11 | Build | Mill |
| 13:26 | Research | Double-Bit Axe |
| 13:26 | Research | Double-Bit Axe |
| 13:26 | Research | Double-Bit Axe |
| 14:21 | Research | Fletching |
| 14:21 | Research | Fletching |
| 14:49 | Queue | Villager (Male) |
| 14:49 | Queue | Villager (Male) |
| 14:49 | Queue | Villager (Male) |
| 14:53 | Queue | Villager (Male) |
| 14:54 | Queue | Villager (Male) |
| 15:01 | Queue | Militia |
| 15:01 | Queue | Militia |
| 15:13 | Queue | Archer |
| 15:34 | Queue | Militia |
| 15:34 | Queue | Militia |
| 15:41 | Queue | Skirmisher |
| 15:41 | Queue | Skirmisher |
| 15:57 | Queue | Skirmisher |
| 16:04 | Queue | Militia |
| 16:04 | Queue | Militia |
| 16:07 | Queue | Villager (Male) |
| 16:07 | Queue | Villager (Male) |
| 16:08 | Queue | Villager (Male) |
| 16:41 | Queue | Villager (Male) |
| 16:41 | Queue | Villager (Male) |
| 16:41 | Queue | Villager (Male) |
| 16:41 | Queue | Villager (Male) |
| 16:43 | Build | Farm |
| 16:43 | Build | Farm |
| 16:45 | Build | House |
| 16:56 | Research | Scale Mail Armor |
| 16:56 | Research | Scale Mail Armor |
| 17:20 | Queue | Militia |
| 17:20 | Queue | Militia |
| 17:22 | Build | House |
| 17:24 | Build | House |
| 17:42 | Queue | Militia |
| 17:43 | Queue | Militia |
| 17:47 | Build | Farm |
| 17:48 | Queue | Villager (Male) |
| 17:48 | Queue | Villager (Male) |
| 17:48 | Queue | Villager (Male) |
| 18:03 | Build | House |
| 18:10 | Queue | Villager (Male) |
| 18:10 | Queue | Villager (Male) |
| 18:10 | Queue | Villager (Male) |
| 18:38 | Build | House |
| 18:52 | Queue | Militia |
| 18:52 | Queue | Militia |
| 18:52 | Queue | Militia |
| 18:52 | Queue | Militia |
| 19:00 | Queue | Villager (Male) |
| 19:08 | Build | Mining Camp |
| 19:17 | Build | Watch Tower |
| 19:24 | Build | Farm |
| 19:36 | Build | Farm |
| 19:57 | Queue | Militia ×3 |
| 19:58 | Queue | Militia ×3 |
| 19:58 | Queue | Militia |
Match timeline
| 5:26 | 新竹 · wall_segment Palisade Wall x1 |
| 5:32 | 新竹 · wall_segment Palisade Wall x1 |
| 5:32 | Riut · first_building Barracks |
| 6:31 | 新竹 · wall_segment Palisade Wall x1 |
| 7:16 | 新竹 · first_building Barracks |
| 8:31 | 新竹 · age_up feudal |
| 9:15 | 新竹 · first_building Archery Range |
| 9:16 | Riut · age_up feudal |
| 9:17 | Riut · first_building Archery Range |
| 9:34 | Riut · wall_segment Palisade Wall x1 |
| 9:35 | Riut · wall_segment Palisade Wall x1 |
| 15:20 | Riut · wall_segment Palisade Wall x1 |
| 20:13 | Riut · resign |
[ AI ANALYSIS · 1 CREDIT ]
What really happened in this match?
Wolo.gg analyzes every decision: build order, eco, micro, common mistakes by bracket. Personalized analysis on WhatsApp or Discord in 30 seconds.
Civ guide
Mongols
Perfil
Jugador #1045839